cohdb
Replays
Latest Replays
All Replays
Popular Replays
Top Player Replays
Match Explorer
How It Works
Community
CoH3 Stats
Reddit
Sign in to upload your games and track your stats! →
Sign in with Steam
Match 37267128
Unlisted
Match 37267128
Overview
Messages
Build Orders
End
Selects Italian Coastal Battlegroup
Selects Coastal Reserves
Coastal Reserve
Kettenkrad Recon Vehicle
Coastal Reserve
Construct Infanterie Kompanie
MG 42 Machine Gun Team
GrW 34 Mortar Team
Selects Artillery Officer
Medical Bunker
Coastal Reserve
Artillery Officer
Construct Panzergrenadier Kompanie
251 Medium Carrier
Selects Designate Defensive Line
Selects Designated Artillery Overwatch
Designated Artillery Overwatch
Kazot
Comandante[BLR]
ZeZwott
STALKER4732
ezh
kit.ohume
0
0
Comments
sign in to comment!
No comments posted yet!